 Dungeon Crawl Stone Soup version 0.30-a0-777-ga9a30cbeda (webtiles) character file.

Game seed: 13023087378140967067

12988 BubbleThief the Fighter (level 11, -5/93 HPs)
             Began as a Demonspawn Necromancer on Feb 15, 2023.
             Was an Elder of Kikubaaqudgha.
             Splashed by a brown ugly thing's acid (9 damage)
             ... on level 11 of the Dungeon.
             The game lasted 00:18:45 (9929 turns).

BubbleThief the Fighter (Demonspawn Necromancer)    Turns: 9929, Time: 00:18:45

Health: -5/93      AC: -7    Str:  8    XL:     11   Next: 69%
Magic:  16/28      EV: 17    Int: 18    God:    Kikubaaqudgha [****..]
Gold:   507        SH:  9    Dex: 17    Spells: 4/21 levels left

rFire   . . .      SeeInvis .    a - +2 short sword (drain)
rCold   . . .      Faith    .    (no shield)
rNeg    + . .      Spirit   .    d - +2 leather armour {Will+}
rPois   .          Reflect  +    (helmet restricted)
rElec   .          Harm     .    (no cloak)
rCorr   .          Rampage  .    o - +0 pair of gloves
Will    +....                    (no boots)
Stlth   ++                       n - amulet of reflection
HPRegen 0.35/turn                k - ring of magical power
MPRegen 0.21/turn                H - ring of positive energy

@: corroded
A: horns 1, thin metallic scales 2, spiny 3, condensation shield
a: Renounce Religion, Unearth Wretches


You were on level 11 of the Dungeon.
You worshipped Kikubaaqudgha.
Kikubaaqudgha was greatly pleased with you.
You visited 1 branch of the dungeon, and saw 11 of its levels.

You collected 507 gold pieces.

Inventory:

Hand Weapons
 a - a +2 short sword of draining (weapon)
 h - a +3 vampiric dagger
 w - a +0 falchion of electrocution
 C - a +2 short sword of venom
Missiles
 p - 4 throwing nets
Armour
 d - a +2 leather armour of willpower (worn)
 o - a +0 pair of gloves (worn)
 y - a +1 robe of fire resistance
 I - +0 steam dragon scales
Jewellery
 k - a ring of magical power (left hand)
 n - an amulet of reflection (around neck)
 v - a ring of ice
 z - a ring of fire
 H - a ring of positive energy (right hand)
Wands
 s - a wand of charming (4)
 x - a wand of light (6)
 A - a wand of iceblast (13)
Scrolls
 f - 2 scrolls of fog
 g - 8 scrolls of teleportation
 j - 4 scrolls of amnesia
 m - a scroll of fear
 q - 6 scrolls of identify
 u - a scroll of brand weapon
 E - a scroll of enchant armour
 K - a scroll of blinking
Potions
 b - a potion of magic
 c - 6 potions of curing
 e - 3 potions of heal wounds {unknown}
 i - a potion of resistance {unknown}
 l - 3 potions of flight {unknown}
 r - 2 potions of brilliance {unknown}
 t - 2 potions of attraction {unknown}
 B - 2 potions of degeneration {unknown}
 D - 2 potions of mutation {unknown}
 G - a potion of might {unknown}
Miscellaneous
 F - a phantom mirror


   Skills:
 - Level 11.4 Fighting
 - Level 10.5 Dodging
 - Level 1.7 Stealth
 + Level 5.9 Spellcasting
 + Level 10.1 Necromancy


You had 4 spell levels left.
You knew the following spells:

 Your Spells              Type           Power      Damage    Failure   Level
a - Necrotise             Necr           100%       1d9       1%          1
b - Vampiric Draining     Necr           41%        2d8       1%          3
c - Animate Dead          Necr           41%        N/A       2%          4
d - Dispel Undead         Necr           41%        3d16      2%          4
e - Borgnjor's Vile Clut  Necr/Erth      11%        N/A       52%         5

Your spell library contained the following spells:

 Spells                   Type           Power      Damage    Failure   Level
 Cigotuvi's Dreadful Rot  Necr/Pois/Air  34%        N/A       7%          2
 Beastly Appendage        Tmut           10%        N/A       19%         1
 Anguish                  Hex/Necr       11%        N/A       22%         4
 Blink                    Tloc           10%        N/A       26%         2
 Ensorcelled Hibernation  Hex/Ice        10%        N/A       26%         2
 Lesser Beckoning         Tloc           10%        N/A       26%         2
 Momentum Strike          Conj/Tloc      10%        3d8       26%         2
 Passwall                 Tmut/Erth      4%         N/A       26%         2
 Wereblood                Tmut           5%         N/A       26%         2
 Dazzling Flash           Conj/Hex       10%        N/A       47%         3
 Spider Form              Tmut/Pois      5%         N/A       47%         3
 Swiftness                Air            5%         N/A       47%         3
 Iskenderun's Mystic Bla  Conj/Tloc      5%         2d3       87%         4
 Manifold Assault         Tloc           5%         N/A       87%         4
 Agony                    Necr           41%        N/A       8%          5
 Death Channel            Necr           20%        N/A       38%         6
 Simulacrum               Ice/Necr       11%        N/A       98%         6
 Conjure Ball Lightning   Conj/Air       2%         3x3d6     100%        6
 Dispersal                Tloc           2%         N/A       100%        6
 Starburst                Conj/Fire      2%         6d3       100%        6
 Storm Form               Tmut/Air       2%         N/A       100%        7
 Discord                  Hex            2%         N/A       100%        8
 Disjunction              Tloc           2%         N/A       100%        8


Dungeon Overview and Level Annotations

Branches:
Dungeon (11/15)            Temple (0/1) D:7            Lair (0/5) D:11
    Orc: D:9-12

Altars:
Kikubaaqudgha
Nemelex Xobeh
Okawaru
Ru
Sif Muna
Vehumet

Shops:
D:3 (


Innate Abilities, Weirdness & Mutations

You have a pair of small horns on your head.
You are mostly covered in thin metallic scales. (AC +3)
You are completely covered in sharp spines.
A meltable shield of frost defends you. (SH +4)


Message History

The brown ugly thing trunk-slaps you.
You are splashed with acid!
You closely miss the brown ugly thing.
You headbutt the brown ugly thing, but do no damage.
The brown ugly thing is heavily wounded.
The brown ugly thing trunk-slaps you.
You are splashed with acid!
You hit the brown ugly thing but do no damage.
The brown ugly thing is heavily wounded.
The brown ugly thing trunk-slaps you!
You are splashed with acid!
* * * LOW HITPOINT WARNING * * *
You barely miss the brown ugly thing.
The brown ugly thing is heavily wounded.
The brown ugly thing barely misses you.
Casting: Necrotise (safe; 1% risk of failure)
Confirm with . or Enter, or press ? or * to list all spells.
The spell is quite dangerous to miscast (52% risk of failure)!
Continue anyway?
Okay, then.
Unknown command.
Casting: Borgnjor's Vile Clutch (quite dangerous; 52% risk of failure)
Confirm with . or Enter, or press ? or * to list all spells.
Aiming: Vampiric Draining (safe; 1% risk of failure)
Press: ? - help, Shift-Dir - straight line, f/p - brown ugly thing
Aim: a brown ugly thing (heavily wounded, lightly drained)
You draw life force from the brown ugly thing!
You feel life coursing into your body.
The brown ugly thing is struck by your spines.
The brown ugly thing trunk-slaps you!
* * * LOW HITPOINT WARNING * * *
The acid corrodes you!
You are splashed with acid!
* * * LOW HITPOINT WARNING * * *
Casting: Vampiric Draining (safe; 1% risk of failure)
Confirm with . or Enter, or press ? or * to list all spells.
Aiming: Vampiric Draining (safe; 1% risk of failure)
Press: ? - help, Shift-Dir - straight line, f/p - brown ugly thing
Aim: a brown ugly thing (severely wounded, lightly drained)
You draw life force from the brown ugly thing.
You feel life coursing into your body. The brown ugly thing trunk-slaps you.
* * * LOW HITPOINT WARNING * * *
The acid corrodes you!
You are splashed with acid!
You die...
Kikubaaqudgha rasps: "You have failed me!
Welcome... death!"

......$..P...#
..............#
P......P.....P#
.....P>.......#
............P.#
....P..........#
..P.......u..P.#
..P....†††@...#
....P.....P...#
#.P.PP...P...##
#.P..P.P...P.#
#P....P..P.##
###..††P...#
#......###
#####...###
###...############


You could see a brown ugly thing (drained).

Vanquished Creatures
  Erolcha (D:10)
  A two-headed ogre (D:8)
  A gargoyle (D:10)
  2 komodo dragons
  2 trolls (D:11)
  A shadow (D:9)
  A wraith (D:11)
  33 yaks
  A steam dragon (D:9)
  8 vampire mosquitoes (D:10)
  2 acid dragons (D:8)
  A water moccasin (D:11)
  2 black bears (D:11)
  2 ice beasts
  A swamp drake (D:10)
  A sky beast (D:6)
  4 orc warriors
  3 ogres
  5 centaurs
  2 phantoms (D:5)
  5 bullfrogs
  A necrophage (D:6)
  5 scorpions
  5 wights
  6 killer bees
  4 howler monkeys
  A jelly (D:7)
  5 hounds
  7 orc priests
  A gnoll bouda (D:9)
  An iguana (D:4)
  Terence (D:3)
  5 orc wizards
  9 gnolls
  10 adders
  A shadow imp (D:5)
  2 white imps (D:7)
  An ufetubus (D:5)
  3 worms
  6 dart slugs
  28 orcs
  5 ball pythons
  6 bats
  13 endoplasms
  2 giant cockroaches
  7 goblins
  14 hobgoblins
  8 jackals (D:5)
  5 kobolds
  5 quokkas
  3 frilled lizards
  4 rats
253 creatures vanquished.

Vanquished Creatures (collateral kills)
  An orc priest (D:4)
  An endoplasm (D:3)
  A frilled lizard (D:1)
  A rat (D:1)
4 creatures vanquished.

Vanquished Creatures (others)
  2 vampire mosquito zombies (D:10)
  38 fungi (D:11)
  39 plants
79 creatures vanquished.

Grand Total: 336 creatures vanquished

Notes
Turn   | Place    | Note
-------+----------+-------------------------------------------
     0 | D:1      | BubbleThief the Demonspawn Necromancer began the quest for
                  | the Orb.
     0 | D:1      | Reached XP level 1. HP: 13/13 MP: 3/3
   321 | D:1      | Gained mutation: You are partially covered in sharp spines.
                  | [demonic ancestry]
   321 | D:1      | Reached XP level 2. HP: 19/19 MP: 3/5
   491 | D:1      | Reached skill level 5 in Necromancy
   875 | D:1      | Gained mutation: You are partially covered in thin metallic
                  | scales. (AC +2) [demonic ancestry]
   875 | D:1      | Reached XP level 3. HP: 24/24 MP: 2/6
  1662 | D:2      | Reached XP level 4. HP: 30/30 MP: 1/8
  2193 | D:3      | Learned a level 3 spell: Vampiric Draining
  2260 | D:3      | Noticed Terence
  2268 | D:3      | Killed Terence
  2295 | D:3      | Found Vixtatz's Weapon Shop.
  2480 | D:3      | Gained mutation: You are mostly covered in sharp spines.
                  | [demonic ancestry]
  2480 | D:3      | Reached XP level 5. HP: 36/36 MP: 9/9
  2629 | D:3      | Reached skill level 1 in Fighting
  3103 | D:3      | Found a faded altar of an unknown god.
  3176 | D:4      | Gained mutation: A meltable shield of frost defends you.
                  | (SH +4) [demonic ancestry]
  3176 | D:4      | Reached XP level 6. HP: 44/44 MP: 10/10
  3301 | D:4      | Reached skill level 2 in Fighting
  3829 | D:4      | Reached skill level 3 in Fighting
  3832 | D:4      | Noticed an orc warrior
  3846 | D:4      | Killed an orc warrior
  3847 | D:4      | Gained mutation: You are mostly covered in thin metallic
                  | scales. (AC +3) [demonic ancestry]
  3847 | D:4      | Reached XP level 7. HP: 27/52 MP: 1/11
  4090 | D:5      | Entered Level 5 of the Dungeon
  4098 | D:5      | Found an ancient bone altar of Kikubaaqudgha.
  4106 | D:5      | Became a worshipper of Kikubaaqudgha
  4163 | D:5      | Found a sacrificial altar of Ru.
  4235 | D:5      | Reached skill level 4 in Fighting
  4798 | D:5      | Reached skill level 5 in Fighting
  4815 | D:5      | Gained mutation: You are completely covered in sharp
                  | spines. [demonic ancestry]
  4815 | D:5      | Reached XP level 8. HP: 57/62 MP: 12/12
  5047 | D:6      | Reached * piety under Kikubaaqudgha
  5047 | D:6      | Received a gift from Kikubaaqudgha
  5071 | D:6      | Reached skill level 5 in Dodging
  5135 | D:6      | Found an iron altar of Okawaru.
  5215 | D:6      | Reached skill level 6 in Fighting
  5767 | D:6      | Reached skill level 7 in Fighting
  6115 | D:7      | Reached XP level 9. HP: 40/68 MP: 12/13
  6373 | D:7      | Found a shimmering blue altar of Sif Muna.
  6638 | D:7      | Found a staircase to the Ecumenical Temple.
  6653 | D:7      | Reached skill level 8 in Fighting
  6691 | D:7      | Identified the +1 hat of Snakes and Ladders {rF- rN+ Str+3}
  6742 | D:8      | Reached ** piety under Kikubaaqudgha
  6884 | D:8      | Noticed a komodo dragon
  6896 | D:8      | Killed a komodo dragon
  6910 | D:8      | Noticed a two-headed ogre
  6924 | D:8      | Killed a two-headed ogre
  6925 | D:8      | Reached skill level 9 in Fighting
  7234 | D:8      | Gained mutation: You have a pair of small horns on your
                  | head. [demonic ancestry]
  7234 | D:8      | Reached XP level 10. HP: 83/83 MP: 14/14
  7333 | D:8      | Learned a level 4 spell: Animate Dead
  7427 | D:9      | Reached skill level 10 in Fighting
  8199 | D:10     | Entered Level 10 of the Dungeon
  8199 | D:10     | Noticed a gargoyle
  8221 | D:10     | Killed a gargoyle
  8243 | D:10     | Noticed Erolcha
  8355 | D:10     | Found a radiant altar of Vehumet.
  8368 | D:10     | Found a sparkling altar of Nemelex Xobeh.
  8557 | D:10     | Reached skill level 10 in Dodging
  8589 | D:10     | Reached *** piety under Kikubaaqudgha
  8589 | D:10     | Received a gift from Kikubaaqudgha
  8595 | D:10     | Reached skill level 11 in Fighting
  8600 | D:10     | Learned a level 4 spell: Dispel Undead
  8725 | D:10     | Reached XP level 11. HP: 42/93 MP: 13/15
  9007 | D:10     | Killed Erolcha
  9485 | D:11     | Reached skill level 5 in Spellcasting
  9824 | D:11     | Reached skill level 10 in Necromancy
  9831 | D:11     | Learned a level 5 spell: Borgnjor's Vile Clutch
  9878 | D:11     | Found a staircase to the Lair.
  9883 | D:11     | Reached **** piety under Kikubaaqudgha
  9915 | D:11     | Noticed a brown ugly thing
  9928 | D:11     | HP: 4/93 [acid (7)]
  9929 | D:11     | Splashed by a brown ugly thing's acid

Illustrated notes

Levels and vault maps discovered:
D:1:      amcnicky_arrival_wind_blow, layout_basic,
          amcnicky_mini_rare_corridor_liquid, nicolae_eternal_life,
          roderic_malta_cross, minivault_25
D:2:      layout_rooms, minmay_diced_spiral
D:3:      layout_loops_ring, shapermc_ecumenical_altar_mp_vishouse,
          serial_shops, nicolae_shop_hallway_plus, uniq_terence
D:4:      layout_cave_pods
D:5:      layout_basic, lemuel_crystal_altar,
          nicolae_kikubaaqudgha_miasma_corner, minmay_misc_feat_room
D:6:      layout_basic, okawaru_ov_weapons_minmay, minmay_strange_pillars
D:7:      layout_gridville, nicolae_sif_muna_little_library,
          minmay_temple_entry_sparse_star
D:8:      layout_cave_pools, corexii_leaking_fountain
D:9:      layout_rooms
D:10:     layout_roguey, chequers_temple_overflow_statue_of_worship, pond,
          uniq_erolcha
D:11:     layout_basic, due_lair_maze_entry_diamond

Skill      XL: |  1  2  3  4  5  6  7  8  9 10 11 |
---------------+----------------------------------+-----
Necromancy     | 5 6 7 10 | 10.1
Spellcasting   | 3 5 |  5.9
Fighting       | 1 3 5 7 9 11 | 11.4
Dodging        | 3 4 6 8 10 | 10.5
Stealth        | |  1.7

Action                     |  1- 3 |  4- 6 |  7- 9 | 10-12 || total
---------------------------+-------+-------+-------+-------++-------
  Melee: Unarmed           |     5 |       |       |       ||     5
         Dagger            |       |    21 |    56 |       ||    77
         Short sword       |       |       |   146 |   346 ||   492
         Punch             |       |       |     7 |     7 ||    14
         Headbutt          |       |       |       |    96 ||    96
   Cast: Necrotise         |    84 |    93 |    59 |    16 ||   252
         Vampiric Draining |       |     4 |    14 |    30 ||    48
         Dispel Undead     |       |       |       |     4 ||     4
         Animate Dead      |       |       |       |     1 ||     1
         Borgnjor's Vile C |       |       |       |     1 ||     1
  Evoke: Wand              |       |       |       |     1 ||     1
    Use: Scroll            |       |     7 |     3 |     5 ||    15
   Stab: Sleeping          |       |       |     1 |     1 ||     2
         Invisible         |       |       |       |     2 ||     2
 Armour: Robe              |     2 |     5 |       |       ||     7
         Leather armour    |       |       |    50 |    52 ||   102
  Dodge: Dodged            |    17 |    20 |   111 |   193 ||   341
  Block: Other             |       |    10 |   117 |   138 ||   265
         Reflection        |       |     1 |     6 |     6 ||    13

Table legend: (Time is in decaauts)
 A = Elapsed time spent in this place.
 B = Non-inter-level travel time spent in this place.
 C = Inter-level travel time spent in this place.
 D = Time resting spent in this place.
 E = Time spent auto-exploring this place.
 F = Levels seen in this place.
 G = Mean time per level.
                   A        B        C        D        E       F      G
               +--------+--------+--------+--------+--------+-----+--------+
         Total |   9930 |   9651 |    279 |    428 |   7384 |  11 |  902.7 |
       Dungeon |   9930 |   9651 |    279 |    428 |   7384 |  11 |  902.7 |
               +--------+--------+--------+--------+--------+-----+--------+

Top non-repeatable levels by time:
     D:1: 1296 daAuts
    D:10: 1243 daAuts
     D:6: 1063 daAuts
     D:4: 956 daAuts
     D:3: 951 daAuts
     D:5: 890 daAuts
     D:2: 882 daAuts
     D:9: 868 daAuts
     D:7: 660 daAuts
     D:8: 640 daAuts
    D:11: 475 daAuts
